 Dungeon Crawl Stone Soup version 0.28.0-53-g5a82cb258f (webtiles) character file.

Game seed: 17562959862882613787

22 DocClef the Skirmisher (level 2, 0/28 HPs)
             Began as a Draconian Fighter on June 15, 2022.
             Slain by a gnoll
             ... wielding a +2 vorpal halberd
              (11 damage)
             ... on level 2 of the Dungeon.
             The game lasted 00:01:06 (1309 turns).

DocClef the Skirmisher (Draconian Fighter)          Turns: 1309, Time: 00:01:07

Health: 0/28       AC:  5    Str: 18    XL:     2   Next: 68%
Magic:  2/2        EV: 11    Int:  8    God:
Gold:   64         SH:  4    Dex: 10    Spells: 1/1 levels left

rFire   . . .      SeeInvis .   a - +0 war axe
rCold   . . .      Faith    .   b - +0 buckler
rNeg    . . .      Spirit   .   (armour unavailable)
rPois   .          Reflect  .   (helmet restricted)
rElec   .          Harm     .   h - +0 cloak
rCorr   .          Rampage  .   (no gloves)
Will    .....                   (no boots)
Stlth   +.........              (no amulet)
HPRegen 0.09/turn               (no ring)
MPRegen 0.08/turn               (no ring)

@: no status effects
A: AC +4, unfitting armour, cold-blooded
a: no special abilities


You were on level 2 of the Dungeon.
You visited 1 branch of the dungeon, and saw 2 of its levels.

You collected 64 gold pieces.

Inventory:

Hand Weapons
 a - a +0 war axe (weapon)
Armour
 b - a +0 buckler (worn)
 h - a +0 cloak (worn)
Jewellery
 d - a +4 ring of evasion
 e - a ring of protection from fire
Scrolls
 f - a scroll of summoning {unknown}
 g - a scroll of torment {unknown}
 i - a scroll of enchant weapon {unknown}
 j - a scroll of blinking {unknown}
Potions
 c - a potion of might


   Skills:
 + Level 4.4 Fighting
 - Level 2.0 Axes
 - Level 2.6 Dodging
 - Level 3.0 Shields


You had one spell level left.
You didn't know any spells.
Your spell library was empty.

Dungeon Overview and Level Annotations

Branches:
Dungeon (2/15)

Altars:


Innate Abilities, Weirdness & Mutations

Your plain brown scales are hard. (AC +4)
You cannot fit into any form of body armour.
You are cold-blooded and may be slowed by cold attacks.


Message History

Found 6 gold pieces.
There is a stone staircase leading up here.
You block the rat's attack.
You hit the rat.
You kill the rat!
You slash the hobgoblin!
You kill the hobgoblin!
No target in view!
No target in view!
You now have 64 gold pieces (gained 6).
A gnoll comes into view. It is wielding a +2 vorpal halberd.
The gnoll shouts!
A gnoll comes into view. It is wielding a +0 spear.
The gnoll moves out of view.
A gnoll is nearby!
A gnoll is nearby!
A gnoll is nearby!
A gnoll is nearby!
The gnoll shouts!
A gnoll comes into view. It is wielding a +0 spear.
A goblin comes into view. It is wielding a +0 club.
The goblin shouts!
The gnoll hits you from afar with a +2 vorpal halberd.
The gnoll hits you with a +0 spear.
The gnoll hits you from afar with a +0 spear.
You are too injured to fight recklessly!
The gnoll hits you from afar with a +0 spear!
* * * LOW HITPOINT WARNING * * *
There is a stone staircase leading up here.
The gnoll barely misses you.
You climb upwards.
There is a stone staircase leading down here.
You start resting.
HP restored.
You climb downwards.
The gnoll hits you from afar with a +2 vorpal halberd!
The gnoll misses you. The gnoll hits you with a +0 spear.
There is a stone staircase leading up here.
The gnoll hits you from afar with a +2 vorpal halberd!
You die...

#.# #.# ##g## ..g
#g# #.# ######.#
#....g.#
#####..@.g.#
........g...####.
######............
#.....#####..
###.### ###


You could see 3 gnolls.

Vanquished Creatures
  2 giant cockroaches (D:1)
  2 goblins (D:1)
  2 hobgoblins
  A jackal (D:1)
  A quokka (D:1)
  6 ball pythons (D:1)
  2 bats (D:1)
  3 frilled lizards (D:1)
  3 rats
22 creatures vanquished.

Notes
Turn   | Place    | Note
-------+----------+-------------------------------------------
     0 | D:1      | DocClef the Draconian Fighter began the quest for the Orb.
     0 | D:1      | Reached XP level 1. HP: 19/19 MP: 1/1
   256 | D:1      | Reached XP level 2. HP: 25/27 MP: 2/2
   295 | D:1      | Reached skill level 4 in Fighting
   808 | D:1      | Found a faded altar of an unknown god.
  1309 | D:2      | Slain by a gnoll

Illustrated notes

Levels and vault maps discovered:
D:1:      matt_arrival_grand_opening, layout_basic,
          hellmonk_ecumenical_altar_run_dry, minmay_pentomino_o4
D:2:      layout_loops_ring, dk_noncrumbling_3, uniq_natasha

Skill      XL: |  1  2 |
---------------+-------+-----
Fighting       | 4 |  4.4
Axes           | |  2.0
Dodging        | |  2.6
Shields        | |  3.0

Action                   || total
-------------------------++-------
Melee: War axe           ||    45
       Tailslap          ||     5
Armor: Skin              ||    14
Dodge: Dodged            ||    19
Block: Buckler           ||    11
